 Dungeon Sprint DCSS version 0.23.1 (webtiles) character file.

Game seed: 14263334458554887882

30937 sanboga the Executioner (level 13, -2/99 HPs)
             Began as a Gargoyle Monk on Mar 5, 2019.
             Was the Champion of Trog.
             Slain by a hornet (7 damage)
             ... created by a shambling mangrove
             ... in the Dungeon (Sprint IX: "|||||||||||||||||||||||||||||").
             The game lasted 00:08:51 (3384 turns).

sanboga the Executioner (Gargoyle Monk)             Turns: 3384, Time: 00:08:52

Health: -2/99      AC: 42    Str: 21    XL:     13   Next: 54%
Magic:  4/4        EV:  9    Int: 10    God:    Trog [******]
Gold:   1629       SH:  0    Dex: 12    Spells: 12/12 levels left

rFire    . . .     SeeInvis .   w - +8 executioner's axe (antimagic)
rCold    . . .     Gourm    .   (shield currently unavailable)
rNeg     + . .     Faith    .   v - +4 plate armour
rPois    ∞         Spirit   .   A - +1 helmet
rElec    +         Reflect  .   u - +0 cloak
rCorr    .         Harm     .   l - +0 pair of gloves
MR       .....     NoTele   +   (no boots)
Stlth    ..........             (no amulet)
HPRegen  0.26/turn              o - +2 ring of protection
MPRegen  0.09/turn              n - +2 ring of protection

@: berserk cooldown, slowed, very slow
A: negative energy resistance 1, electricity resistance, unbreathing,
petrification resistance, rot immunity, AC +9
a: Berserk, Trog's Hand, Brothers in Arms, Renounce Religion


You were in the Dungeon.
You worshipped Trog.
Trog was exalted by your worship.
You were near starving.

You visited 1 branch You collected 1914 gold pieces.
You spent 285 gold pieces at shops.

Inventory:

Hand Weapons
 a - a +6 executioner's axe of chopping
 w - a +8 antimagic executioner's axe (weapon)
 y - the +7 battleaxe "Haaraa Qeufu" {flame, Int+3}
   (You found it in the Dungeon)

   It has been specially enchanted to burn those struck by it, causing extra
   injury to most foes and up to half again as much damage against particularly
   susceptible opponents.
   Big, fiery blades are also staple armaments of hydra-hunters.
   It affects your intelligence (+3).
Armour
 l - a +0 pair of gloves (worn)
 u - a +0 cloak (worn)
 v - a +4 plate armour (worn)
 A - a +1 helmet (worn)
Jewellery
 n - a +2 ring of protection (right hand)
 o - a +2 ring of protection (left hand)
Wands
 j - a wand of acid (15)
 t - a wand of paralysis (7)
 x - a wand of flame (5)
Scrolls
 h - 5 scrolls of remove curse
 i - 4 scrolls of blinking
 r - 3 scrolls of fear
 s - a scroll of identify
Potions
 b - a potion of agility
 d - 7 potions of curing
 e - 3 potions of heal wounds
 f - 2 potions of haste
 g - a potion of invisibility
 p - 2 potions of might
 q - 4 potions of mutation
 z - a potion of ambrosia
Comestibles
 c - 9 rations


   Skills:
 + Level 18.7 Fighting
 * Level 21.4 Axes
 + Level 18.5 Armour
 - Level 2.4 Dodging
 - Level 2.1 Stealth


You had 12 spell levels left.
You didn't know any spells.
Your spell library was empty.

Dungeon Overview and Level Annotations

Branches:
Dungeon (1/1)

Altars:
Cheibriados
Dithmenos
Elyvilon
Fedhas
Gozag
Hepliaklqana
Kikubaaqudgha
Makhleb
Nemelex Xobeh
Okawaru
Qazlal
Ru
Sif Muna
Trog
Uskayaw
Vehumet
Wu Jian
Xom
Yredelemnul
Zin
The Shining One
Beogh
Jiyva
Lugonu

Shops:
D }??*


Innate Abilities, Weirdness & Mutations

You are resistant to torment.
Your stone body is resilient. (AC +9)
You are immune to poison.
You resist negative energy. (rN+)
You are resistant to electric shocks. (rElec)
You can survive without breathing.
You are immune to petrification.
You are immune to rotting.


Message History

The hornet is severely wounded.
You hit the hornet.
The hornet stings you but does no damage.
The hornet stings you!
* * * LOW HITPOINT WARNING * * *
The hornet stings you!
* * * LOW HITPOINT WARNING * * *
The hornet stings you but does no damage.
You hit the hornet.
The hornet is severely wounded.
You slash the hornet!
The hornet stings you but does no damage. x4
You open the hornet like a pillowcase!!!
You kill the hornet!
Trog accepts your kill.
You closely miss the hornet. The hornet stings you.
* * * LOW HITPOINT WARNING * * *
The hornet stings you but does no damage.
The hornet stings you!
You die...

,,,,,,,,,,,,,,,,,,+,,,,,,,,,,,,*
******************************,*
,,,,,,,,,,,,,,,,,,,,,,,,,,,,,,,*
********************************
,,,,,,,,,,,,,+,,,,,,,,,,,,,,,,,*
******************************,*
,,,,,,,,,,,,,,,,,,,,,,,,,,,,,,,*
*******♣♣♣♣♣♣♣♣♣▓▓▓▓▓▓▓▓▓▓▓▓▓▓▓▓
,,,,,+,fy.....†y@y)............▓
▓▓▓▓▓▓♣♣♣♣♣♣♣♣♣♣▓▓▓▓▓▓▓▓▓▓▓▓▓▓.▓
........(§(...((..)(((.........▓
▓▓▓▓▓▓▓▓▓▓▓▓▓▓▓▓▓▓▓▓▓▓▓▓▓▓▓▓▓▓▓▓
[[[[[[[.))).)))).===='.........▓
▓▓▓▓▓▓▓▓▓▓▓▓▓▓▓▓▓▓▓▓▓▓▓▓▓▓▓▓▓▓.▓
.............)[................▓
▓▓▓▓▓▓▓▓▓▓▓▓▓▓▓▓▓▓▓▓▓▓▓▓▓▓▓▓▓▓▓▓
.))[.).....).))))'.............▓


You could see 2 hornets.

Vanquished Creatures
  Gastronok (D)
  2 stone giants (D)
  Nessos (D)
  A dire elephant (D)
  An ettin (D)
  Erolcha (D)
  2 hydras (D)
  A shambling mangrove (D)
  2 centaur warriors (D)
  An ogre mage (D)
  2 tengu warriors (D)
  4 orc high priests (D)
  An alligator (D)
  Urug (D)
  Nergalle (D)
  2 spriggan druids (D)
  An unseen horror (D)
  4 orc knights (D)
  A manticore (D)
  Maurice (D)
  A black mamba (D)
  7 elephants (D)
  5 spiny frogs (D)
  A yaktaur (D)
  A meliai (shapeshifter) (D)
  2 hornets (D)
  A slime creature (D)
  A tyrant leech (D)
  3 bog bodies (D)
  A dream sheep (D)
  2 yaks (D)
  2 soldier ants (D)
  An acid dragon (D)
  2 water moccasins (D)
  4 porcupines (D)
  3 orc warriors (D)
  A sky beast (D)
  An ogre (D)
  A centaur (D)
  2 crocodiles (D)
  A big kobold (D)
  A bullfrog (D)
  A howler monkey (D)
  A crimson imp (D)
  An orc priest (D)
  3 orc wizards (D)
  A worker ant (D)
  A gnoll (D)
  An adder (D)
  An ooze (D)
  9 orcs (D)
  A hobgoblin (D)
  2 frilled lizards (D)
  A goblin (D)
  A kobold (D)
  A rat (D)
100 creatures vanquished.

Vanquished Creatures (collateral kills)
  3 orc high priests (D)
  8 orc knights (D)
  5 orc warriors (D)
16 creatures vanquished.

Vanquished Creatures (others)
  An unseen horror (D)
  2 spatial maelstroms (D)
3 creatures vanquished.

Grand Total: 119 creatures vanquished

Notes
Turn   | Place    | Note
-------+----------+-------------------------------------------
     0 | D        | sanboga the Gargoyle Monk began the quest for the Orb.
     0 | D        | Reached XP level 1. HP: 14/14 MP: 1/1
     7 | D        | Banished a spatial maelstrom
    11 | D        | Banished a spatial maelstrom
    16 | D        | Reached skill level 3 in Axes
    23 | D        | Reached skill level 1 in Armour
    68 | D        | Noticed a worker ant
    68 | D        | Noticed a centaur
    75 | D        | Killed a centaur
    75 | D        | Reached skill level 5 in Fighting
    75 | D        | Reached skill level 6 in Axes
    75 | D        | Reached XP level 2. HP: 20/21 MP: 2/2
    75 | D        | Reached XP level 3. HP: 25/26 MP: 3/3
    75 | D        | Reached XP level 4. HP: 30/31 MP: 4/4
    84 | D        | Reached XP level 5. HP: 28/36 MP: 5/5
   210 | D        | Found a roughly hewn altar of Beogh.
   210 | D        | Found a snail-covered altar of Cheibriados.
   210 | D        | Found a shadowy altar of Dithmenos.
   210 | D        | Found a white marble altar of Elyvilon.
   210 | D        | Found a blossoming altar of Fedhas.
   210 | D        | Found an opulent altar of Gozag.
   211 | D        | Found a hazy altar of Hepliaklqana.
   212 | D        | Found a viscous altar of Jiyva.
   213 | D        | Found an ancient bone altar of Kikubaaqudgha.
   214 | D        | Found a corrupted altar of Lugonu.
   215 | D        | Found a burning altar of Makhleb.
   216 | D        | Found a sparkling altar of Nemelex Xobeh.
   217 | D        | Found an iron altar of Okawaru.
   218 | D        | Found a stormy altar of Qazlal.
   219 | D        | Found a sacrificial altar of Ru.
   220 | D        | Found a deep blue altar of Sif Muna.
   221 | D        | Found a bloodstained altar of Trog.
   222 | D        | Found a hide-covered altar of Uskayaw.
   223 | D        | Found a radiant altar of Vehumet.
   224 | D        | Found an ornate altar of the Wu Jian Council.
   225 | D        | Found a shimmering altar of Xom.
   226 | D        | Found a basalt altar of Yredelemnul.
   227 | D        | Found a glowing silver altar of Zin.
   228 | D        | Found a glowing golden altar of the Shining One.
   229 | D        | Became a worshipper of Trog the Wrathful
   229 | D        | Reached * piety under Trog
   229 | D        | Reached ** piety under Trog
   284 | D        | Noticed an ogre
   284 | D        | Noticed a sky beast
   285 | D        | Reached skill level 5 in Armour
   290 | D        | Killed a sky beast
   290 | D        | Reached skill level 8 in Axes
   295 | D        | Reached XP level 6. HP: 44/44 MP: 6/6
   301 | D        | Reached *** piety under Trog
   301 | D        | Reached skill level 9 in Axes
   390 | D        | Noticed an acid dragon
   390 | D        | Noticed a soldier ant
   390 | D        | Noticed a yak
   390 | D        | Noticed a meliai
   395 | D        | Killed a meliai
   395 | D        | Reached skill level 10 in Axes
   395 | D        | Reached XP level 7. HP: 51/51 MP: 7/7
   400 | D        | Killed a yak
   400 | D        | Reached **** piety under Trog
   403 | D        | Reached skill level 11 in Axes
   408 | D        | Killed a soldier ant
   408 | D        | Reached XP level 8. HP: 43/57 MP: 8/8
   411 | D        | Reached skill level 10 in Fighting
   721 | D        | Noticed a spiny frog
   721 | D        | Noticed a yak
   721 | D        | Noticed a four-headed hydra
   731 | D        | Killed an eight-headed hydra
   731 | D        | Reached skill level 12 in Axes
   731 | D        | Reached skill level 10 in Armour
   732 | D        | Reached XP level 9. HP: 64/64 MP: 9/9
   733 | D        | Noticed a spiny frog
   737 | D        | Noticed a spiny frog
   739 | D        | Reached ***** piety under Trog
   739 | D        | Reached skill level 13 in Axes
   742 | D        | Killed a spiny frog
   753 | D        | Killed a spiny frog
   753 | D        | Reached skill level 14 in Axes
   763 | D        | Killed a spiny frog
   930 | D        | Noticed a spiny frog
   930 | D        | Noticed a black mamba
   930 | D        | Noticed a spiny frog
   931 | D        | Received a gift from Trog
   942 | D        | Reached XP level 10. HP: 51/72 MP: 10/10
   947 | D        | Killed a spiny frog
   953 | D        | Killed a black mamba
   960 | D        | Killed a spiny frog
   960 | D        | Reached skill level 15 in Axes
   966 | D        | Reached ****** piety under Trog
  1186 | D        | Noticed an elephant
  1186 | D        | Noticed an elephant
  1186 | D        | Noticed an elephant
  1186 | D        | Noticed an elephant
  1186 | D        | Noticed an elephant
  1186 | D        | Noticed a dire elephant
  1193 | D        | Killed a dire elephant
  1197 | D        | Killed an elephant
  1197 | D        | Received a gift from Trog
  1202 | D        | Killed an elephant
  1206 | D        | Killed an elephant
  1206 | D        | Reached skill level 16 in Axes
  1214 | D        | Killed an elephant
  1214 | D        | Reached XP level 11. HP: 58/80 MP: 11/11
  1307 | D        | Received a gift from Trog
  1581 | D        | Received a gift from Trog
  1713 | D        | Noticed an orc knight
  1713 | D        | Noticed an orc high priest
  1713 | D        | Noticed an orc knight
  1713 | D        | Noticed an orc knight
  1718 | D        | Killed an orc knight
  1719 | D        | Received a gift from Trog
  1721 | D        | Noticed an orc knight
  1724 | D        | Killed an orc knight
  1726 | D        | Killed an orc high priest
  1726 | D        | Reached skill level 17 in Axes
  1728 | D        | Killed an orc knight
  1730 | D        | Killed an orc knight
  1731 | D        | Reached skill level 15 in Fighting
  1743 | D        | Noticed an orc high priest
  1749 | D        | Received a gift from Trog
  1773 | D        | Killed an orc high priest
  1843 | D        | Found Uxzyrak's General Store.
  1843 | D        | Noticed an orc knight
  1843 | D        | Noticed an orc knight
  1843 | D        | Noticed an orc knight
  1843 | D        | Noticed an orc high priest
  1843 | D        | Noticed an orc knight
  1844 | D        | Noticed an orc knight
  1847 | D        | Noticed a soul eater
  1851 | D        | Killed an orc knight
  1854 | D        | Noticed a sixfirhy
  1860 | D        | Killed an orc high priest
  1860 | D        | Reached skill level 15 in Armour
  1863 | D        | Killed an orc knight
  1865 | D        | Noticed an orc high priest
  1866 | D        | Killed an orc knight
  1868 | D        | Killed an orc knight
  1872 | D        | Noticed a sixfirhy
  1876 | D        | Killed an orc knight
  1876 | D        | Received a gift from Trog
  1881 | D        | Killed an orc high priest
  1881 | D        | Reached skill level 18 in Axes
  1905 | D        | Noticed an orc high priest
  1908 | D        | Found Gefawiem's Magic Scroll Shop.
  1912 | D        | Killed an orc high priest
  1913 | D        | Found Gychotzi's Magic Scroll Boutique.
  1919 | D        | Found Istrorom's Gadget Shop.
  2186 | D        | Noticed an orc high priest
  2187 | D        | Noticed an orc high priest
  2187 | D        | Noticed an orc knight
  2188 | D        | Noticed an orc knight
  2192 | D        | Killed an orc high priest
  2192 | D        | Reached XP level 12. HP: 78/88 MP: 4/12
  2195 | D        | Killed an orc high priest
  2209 | D        | Received a gift from Trog
  2221 | D        | Got a pitted executioner's axe {god gift}
  2230 | D        | Bought a scroll of enchant weapon for 82 gold pieces
  2230 | D        | Bought a scroll of magic mapping for 38 gold pieces
  2233 | D        | Identified the +10 executioner's axe of Eternal Vigilance
                  | {vamp, rPois rC- MR+ Stlth+} (Trog gifted it to you in the
                  | Dungeon)
  2334 | D        | Noticed Urug
  2342 | D        | Killed Urug
  2343 | D        | Noticed Maurice
  2344 | D        | Noticed Erolcha
  2354 | D        | Killed Erolcha
  2354 | D        | Reached skill level 19 in Axes
  2368 | D        | Noticed Gastronok
  2381 | D        | Killed Gastronok
  2387 | D        | Killed Maurice
  2524 | D        | Got the +7 battleaxe "Haaraa Qeufu" {flame, Int+3}
  2696 | D        | Bought 2 scrolls of enchant weapon for 165 gold pieces
  2823 | D        | Noticed a centaur warrior
  2823 | D        | Noticed a seven-headed hydra
  2823 | D        | Noticed a tengu warrior
  2826 | D        | Received a gift from Trog
  2836 | D        | Killed a tengu warrior
  2838 | D        | Noticed a stone giant
  2839 | D        | Killed a four-headed hydra
  2843 | D        | Noticed an ettin
  2846 | D        | Noticed a tengu warrior
  2847 | D        | Killed a centaur warrior
  2848 | D        | Noticed an ogre mage
  2854 | D        | Noticed a stone giant
  2857 | D        | Killed a stone giant
  2857 | D        | Reached skill level 20 in Axes
  2869 | D        | Killed a stone giant
  2869 | D        | Reached XP level 13. HP: 61/97 MP: 13/13
  2872 | D        | Received a gift from Trog
  2874 | D        | Killed an ettin
  3078 | D        | Noticed Nergalle
  3092 | D        | Killed Nergalle
  3092 | D        | Received a gift from Trog
  3139 | D        | Noticed Nessos
  3162 | D        | Killed Nessos
  3342 | D        | Reached skill level 21 in Axes
  3363 | D        | Received a gift from Trog
  3381 | D        | Received a gift from Trog
  3384 | D        | Slain by a hornet

Skill      XL: |  1  2  3  4  5  6  7  8  9 10 11 12 13 |
---------------+----------------------------------------+-----
Axes           | 6 8 10 11 12 14 16 18 20 21 | 21.4
Armour         | 4 6 8 9 10 12 13 15 17 18 | 18.5
Fighting       | 5 6 7 9 11 12 14 15 17 18 | 18.7
Dodging        | |  2.4
Stealth        | |  2.1

Action                   |  1- 3 |  4- 6 |  7- 9 | 10-12 | 13-15 || total
-------------------------+-------+-------+-------+-------+-------++-------
Melee: Hand axe          |    28 |     9 |       |       |       ||    37
       Broad axe         |       |    20 |    70 |   115 |       ||   205
       Battleaxe         |       |       |       |    75 |    11 ||    86
       Executioner's axe |       |       |       |    49 |    49 ||    98
Invok: Berserk           |       |     2 |     1 |     6 |     1 ||    10
       Brothers in Arms  |       |       |     1 |     4 |       ||     5
Evoke: Wand              |       |       |       |       |     1 ||     1
  Use: Potion            |     1 |       |       |       |       ||     1
       Scroll            |       |       |       |     7 |       ||     7
 Stab: Paralysed         |       |       |       |       |     2 ||     2
  Eat: Chunk             |       |       |     3 |    11 |     2 ||    16
       Ration            |       |       |       |     2 |       ||     2
Armor: Robe              |     7 |       |       |       |       ||     7
       Plate armour      |       |    12 |    45 |   132 |    63 ||   252
Dodge: Dodged            |    16 |    11 |    16 |    40 |    17 ||   100
